 Dungeon Crawl Stone Soup version 0.31-a0-844-gdc52ec4e09 (webtiles) character file.

Game seed: 12778427737590709000

54 Pixllover the Trooper (level 3, 0/24 HPs)
             Began as a Gargoyle Berserker on Sept 29, 2023.
             Was a Follower of Trog.
             Killed by divine providence
             ... invoked by an orc priest
              (14 damage)
             ... on level 4 of the Dungeon.
             The game lasted 00:06:30 (2658 turns).

Pixllover the Trooper (Gargoyle Berserker)          Turns: 2658, Time: 00:06:30

Health: 0/24       AC: 11    Str: 22    XL:     3   Next: 91%
Magic:  3/3        EV: 10    Int:  7    God:    Trog [*.....]
Gold:   158        SH:  0    Dex:  9    Spells: 2/2 levels left

rFire   . . .        j - +1 war axe
rCold   . . .        (no shield)
rNeg    + . .        b - +0 scale mail
rPois   ∞            z - +0 helmet
rElec   +            (no cloak)
rCorr   +            (no gloves)
SInv    .            (no boots)
Will    .....        (no amulet) Stlth
                     h - ring of resist corrosion
HPRegen 0.24/turn    (no ring)
MPRegen 0.08/turn

%: no passive effects
@: no status effects
A: sickness immunity, AC +3, negative energy resistance 1, electricity
resistance, torment resistance 1, petrification resistance
a: Renounce Religion, Berserk


You were on level 4 of the Dungeon.
You worshipped Trog.
Trog was aware of your devotion.
You visited 1 branch of the dungeon, and saw 4 of its levels.

You collected 203 gold pieces.
You spent 45 gold pieces at shops.

Inventory:

Hand Weapons
 j - a +1 war axe (weapon)
Missiles
 w - a throwing net
 y - 3 poisoned darts
Armour
 b - a +0 scale mail (worn)
 z - a +0 helmet (worn)
Jewellery
 h - a ring of resist corrosion (left hand)
Scrolls
 e - 2 scrolls of enchant weapon
 f - a scroll of noise {unknown}
 i - 2 scrolls of blinking {unknown}
 k - a scroll of silence {unknown}
 n - a scroll of butterflies {unknown}
 o - a scroll of teleportation
 p - a scroll of vulnerability {unknown}
 q - 2 scrolls of torment {unknown}
 r - a scroll of fog {unknown}
 t - a scroll of brand weapon {unknown}
 v - 4 scrolls of revelation {unknown}
 x - a scroll of amnesia {unknown}
 A - a scroll of identify
Potions
 a - 2 potions of might
 c - a potion of degeneration {unknown}
 d - a potion of curing {unknown}
 l - a potion of lignification {unknown}
 m - a potion of ambrosia {unknown}
 s - a potion of heal wounds {unknown}
 u - a potion of invisibility {unknown}


   Skills:
 + Level 3.7 Fighting
 + Level 3.7 Axes
 + Level 2.5 Armour
 + Level 1.7 Dodging
 + Level 0.1 Stealth


You had 2 spell levels left.
You didn't know any spells.
Your spell library was empty.

Dungeon Overview and Level Annotations

Branches:
Dungeon (4/15)
 Temple: D:4-7

Altars:

Shops:
D:1 [[*   D:4 :

Annotations:
D:4 Grinder


Innate Abilities, Weirdness & Mutations

You are immune to sickness and miasma.
Your stone body is resilient. (AC +3)
You are immune to poison.
You resist negative energy. (rN+)
You are resistant to electric shocks. (rElec)
You are resistant to unholy torment.
You are immune to petrification.


Message History

The orc shouts!
The orc moves out of view.
An endoplasm comes into view.
An orc and an adder come into view.
The orc shouts!
The adder hisses angrily.
You hear a shout!
The orc priest mumbles some strange prayers to Beogh against you.
You barely resist.
The orc priest invokes the aid of Beogh against you.
You barely resist. The orc hits you but does no damage.
You hit the orc priest.
The orc priest is lightly wounded.
You barely miss the orc.
The orc priest mumbles some strange prayers to Beogh against you.
Pain shoots through your body! The orc barely misses you.
You slash the orc priest!
The orc priest is almost dead.
You barely miss the adder. You hit the orc.
The adder bites you but does no damage. The orc priest closely misses you.
The adder closely misses you.
You closely miss the orc priest.
The orc priest is almost dead.
You closely miss the iguana. You hit the adder but do no damage.
The orc priest looks braver for a moment.
The adder bites you. The iguana bites you.
You hit the orc.
The orc is lightly wounded.
You barely miss the adder. You hit the iguana.
The adder bites you but does no damage. x2; The iguana barely misses you.
The orc barely misses you.
You hit the orc.
You kill the orc!
Trog accepts your kill.
You miss the adder. You hit the iguana but do no damage.
The adder barely misses you.
The iguana bites you but does no damage.
The adder barely misses you.
The orc priest mumbles some strange prayers to Beogh against you.
Beogh smites you!
Ouch! That really hurt!
You die...

##### ##. ###### #...##
.. ......#######.....
####.###### #...........#
#..........###.######.###
......... #.#.#######.#
.........###.......##.#
......S##.#.######.##.#
.....oJl@...# #.#
......o##...# #..
.....#.o....# .##
..#.....###...... .
####.. #.####. #. #.# #.
..# #. ## ## ..


You could see an iguana, an orc priest, an adder, an orc and an endoplasm.

Vanquished Creatures
  3 worms
  2 dart slugs
  3 orcs (D:4)
  5 endoplasms
  4 giant cockroaches
  3 hobgoblins
  2 quokkas
  4 ball pythons
  A bat (D:1)
  A frilled lizard (D:2)
  3 goblins
  3 kobolds
  3 rats
37 creatures vanquished.

Notes
Turn   | Place    | Note
-------+----------+-------------------------------------------
     0 | D:1      | Pixllover the Gargoyle Berserker began the quest for the
                  | Orb.
     0 | D:1      | Reached XP level 1. HP: 14/14 MP: 1/1
    77 | D:1      | Found Boharaf's Armour Shop.
   144 | D:1      | Found Zithuop's Armour Emporium.
   150 | D:1      | Found Tesk's General Store.
   531 | D:1      | Reached XP level 2. HP: 15/19 MP: 2/2
   708 | D:1      | Bought a +0 war axe for 45 gold pieces
   755 | D:2      | Found a faded altar of an unknown god.
  1422 | D:2      | Found the +5 robe of Misfortune {Harm *Corrode *Slow EV+5}
  1430 | D:2      | Reached XP level 3. HP: 22/23 MP: 3/3
  2506 | D:4      | Found Foetz's Book Emporium.
  2510 | D:4      | Noticed Grinder
  2520 | D:4      | HP: 1/24 [Grinder (2)]
  2658 | D:4      | Killed from afar by an orc priest

Illustrated notes

Levels and vault maps discovered:
D:1:      nicolae_arrival_somewhat_less_tricky_arrival, layout_rooms,
          serial_shops, shop, shop, shop
D:2:      layout_loops_corners, hellmonk_ecumenical_altar_heavens_door
D:3:      layout_basic
D:4:      layout_loops_ring, serial_shops, shop, uniq_grinder, uniq_robin,
          uniq_pargi, uniq_sigmund

Skill      XL: |  1 |
---------------+----+-----
Axes           | 3 |  3.7
Fighting       | |  3.7
Armour         | |  2.5
Dodging        | |  1.7
Stealth        | |  0.1

Action                     || total
---------------------------++-------
  Melee: Hand axe          ||    37
         War axe           ||    80
         Punch             ||     1
    Use: Scroll            ||     5
         Potion            ||     1
 Armour: Animal skin       ||    27
         Ring mail         ||    15
         Scale mail        ||    30
  Dodge: Dodged            ||    75

Table legend: (Time is in decaauts)
 A = Elapsed time spent in this place.
 B = Non-inter-level travel time spent in this place.
 C = Inter-level travel time spent in this place.
 D = Time resting spent in this place.
 E = Time spent auto-exploring this place.
 F = Levels seen in this place.
 G = Mean time per level.
                   A        B        C        D        E       F      G
               +--------+--------+--------+--------+--------+-----+--------+
         Total |   2690 |   2639 |     51 |     59 |   1620 |   4 |  672.5 |
       Dungeon |   2690 |   2639 |     51 |     59 |   1620 |   4 |  672.5 |
               +--------+--------+--------+--------+--------+-----+--------+

Top non-repeatable levels by time:
     D:2: 984 daAuts
     D:3: 882 daAuts
     D:1: 680 daAuts
     D:4: 142 daAuts
